 Seeded DCSS version 0.31-a0-875-g02e7d12df6 (webtiles) character file.

Game seed: 20231010 (custom seed)

44 BadtimePacifist the Conjurer (level 3, -4/28 HPs)
             Began as a Demonspawn Reaver on Oct 11, 2023.
             Slain by Sigmund
             ... wielding a +0 scythe
              (11 damage)
             ... on level 2 of the Dungeon on Oct 12, 2023.
             The game lasted 00:07:45 (1849 turns).

BadtimePacifist the Conjurer (Demonspawn Reaver)    Turns: 1849, Time: 00:07:45

Health: -4/28      AC:  3    Str: 14    XL:     3   Next: 41%
Magic:  6/6        EV: 11    Int: 14    God:
Gold:   100        SH:  0    Dex: 11    Spells: 5/6 levels left

rFire   . . .        a - +0 falchion
rCold   . . .        (no shield)
rNeg    . . .        b - +0 leather armour
rPois   .            (no helmet)
rElec   .            (no cloak)
rCorr   .            (no gloves)
SInv    .            (no boots)
Will    .....        (no amulet)
Stlth   +            (no ring)
HPRegen 0.24/turn    (no ring)
MPRegen 0.10/turn

%: no passive effects
@: no status effects
A: weakness stinger 1
a: no special abilities


You were on level 2 of the Dungeon.
You visited 1 branch of the dungeon, and saw 2 of its levels.

You collected 100 gold pieces.

Inventory:

Hand Weapons
 a - a +0 falchion (weapon)
Armour
 b - a +0 leather armour (worn)
Wands
 i - a wand of paralysis (13)
Scrolls
 c - a scroll of teleportation {unknown}
 d - 3 scrolls of enchant armour {unknown}
 j - a scroll of acquirement {unknown}
Potions
 e - a potion of attraction {unknown}
 f - a potion of cancellation {unknown}
 g - a potion of brilliance {unknown}
 h - a potion of magic {unknown}


   Skills:
 * Level 2.4 Fighting
 * Level 0.3(1.8) Short Blades
 + Level 3.0 Long Blades
 * Level 1.0 Armour
 * Level 1.9 Dodging
 * Level 0.4 Stealth
 * Level 0.3 Unarmed Combat
 * Level 2.0 Spellcasting
 + Level 3.0 Conjurations
 * Level 0.8 Necromancy


You had 5 spell levels left.
You knew the following spells:

 Your Spells              Type           Power      Damage    Failure   Level
a - Kiss of Death         Conj/Necr      24%        2d7       13%         1

Your spell library contained the following spells:

 Spells                   Type           Power      Damage    Failure   Level
 Necrotise                Necr           12%        1d4       21%         1
 Momentum Strike          Conj/Tloc      10%        3d8       24%         2
 Apportation              Tloc           2%         N/A       28%         1
 Summon Small Mammal      Summ           4%         N/A       28%         1
 Hailstorm                Conj/Ice       5%         3d4       43%         3


Dungeon Overview and Level Annotations

Branches:
Dungeon (2/15)

Altars:

Shops:
D:2 !

Annotations:
D:2 Sigmund


Innate Abilities, Weirdness & Mutations

You have a small tail.


Message History

You feel sick. The adder bites you.
You miss the adder.
The adder is lightly wounded.
You feel sick.
You are no longer poisoned.
The adder bites you. x2
You hit the adder.
The adder is heavily wounded.
The adder bites you but does no damage.
You slash the adder!
You kill the adder!
Your Long Blades skill increases to level 3!
Your Armour skill increases to level 1!
You see here an adder corpse.
You see here an adder corpse.
You see here an adder corpse.
You see here an adder corpse.
You see here an adder corpse.
You see here an adder corpse.
You see here an adder corpse.
You see here an adder corpse.
HP restored.
Sigmund shouts!
Sigmund mumbles some strange words.
Sigmund flickers and vanishes!
Deactivating autopickup; reactivate with Ctrl-A.
There is a strange disturbance nearby!
There is a strange disturbance nearby!
There is a strange disturbance nearby!
There is a strange disturbance nearby!
There is a strange disturbance nearby!
A puff of flame appears from out of thin air!
The puff of flame hits you! Something hits you.
You miss something. You hit something. Something hits you.
You hit something.
Your tail-slap misses something.
Something hits you!
* * * LOW HITPOINT WARNING * * *
You barely miss something. Something hits you!
You die...

#......####..(......####...<...#
#.#........'.?.......'...........
##.#.....###.........####....##.#
#..(.#.#.# #........##.......##.#
#..........#.#.....###.###...##.#
#......#.....##...## #.# #.#.##.#
#.......#..#####'## #.# #.#.##.#
##.##### #.# #{# #.###......# #.
..# ###@#####>......#### .#
#.........###.### .# #....####.#
#.# ###.....# #.# #.#
#....†..###.###.#
#....#.#.#.........#
#.#####.#######.##### #.#######.#
#.........#


There were no monsters in sight!

Vanquished Creatures
  An adder (D:2)
  A dart slug (D:1)
  A ball python (D:1)
  6 endoplasms
  2 giant cockroaches
  A goblin (D:1)
  3 hobgoblins (D:1)
  6 kobolds
  A quokka (D:2)
  2 bats
  2 frilled lizards (D:1)
  5 rats (D:1)
31 creatures vanquished.

Notes
Turn   | Place    | Note
-------+----------+-------------------------------------------
     0 | D:1      | BadtimePacifist the Demonspawn Reaver began the quest for
                  | the Orb.
     0 | D:1      | Reached XP level 1. HP: 16/16 MP: 3/3
   216 | D:1      | Gained mutation: You have a small tail. [demonic ancestry]
   216 | D:1      | Reached XP level 2. HP: 21/22 MP: 5/5
   919 | D:2      | Found Vainezin's Distillery.
   936 | D:2      | Reached XP level 3. HP: 27/28 MP: 6/6
  1312 | D:2      | Noticed Sigmund
  1643 | D:2      | Upgraded the game from 0.31-a0-868-g674d60d6f7 to
                  | 0.31-a0-875-g02e7d12df6
  1776 | D:2      | Reached skill level 1 in Armour
  1849 | D:2      | Slain by Sigmund

Illustrated notes

Levels and vault maps discovered:
D:1:      sevenhm_arrival_forest_fort_small_3, layout_loops_ring,
          chequers_serial_rivers_marsh
D:2:      layout_loops_corners, serial_shops, nicolae_shop_advertising_works
          [nicolae_subvault_shop_adworks], uniq_sigmund

Skill      XL: |  1  2  3 |
---------------+----------+-----
Long Blades    | 3 |  3.0
Armour         | 1 |  1.0
Fighting       | |  2.4
Short Blades   | |  0.3
Dodging        | |  1.9
Stealth        | |  0.4
Unarmed Combat | |  0.3
Spellcasting   | |  2.0
Conjurations   | |  3.0
Necromancy     | |  0.8

Action                     || total
---------------------------++-------
  Melee: Falchion          ||   114
         Punch             ||     1
         Tailslap          ||     9
 Armour: Leather armour    ||    79
  Dodge: Dodged            ||    78

Table legend: (Time is in decaauts)
 A = Elapsed time spent in this place.
 B = Non-inter-level travel time spent in this place.
 C = Inter-level travel time spent in this place.
 D = Time resting spent in this place.
 E = Time spent auto-exploring this place.
 F = Levels seen in this place.
 G = Mean time per level.
                   A        B        C        D        E       F      G
               +--------+--------+--------+--------+--------+-----+--------+
         Total |   1870 |   1846 |     24 |      0 |    994 |   2 |  935.0 |
       Dungeon |   1870 |   1846 |     24 |      0 |    994 |   2 |  935.0 |
               +--------+--------+--------+--------+--------+-----+--------+

Top non-repeatable levels by time:
     D:1: 1003 daAuts
     D:2: 867 daAuts
